 Dungeon Crawl Stone Soup version 0.30-a0-218-gedb9141078 (webtiles) character file.

Game seed: 7016387707539138663

55 slphil the Chopper (level 3, 0/33 HPs)
             Began as an Armataur Berserker on Oct 5, 2022.
             Was a Believer of Trog.
             Slain by an orc
             ... wielding a +2 flail of venom
              (6 damage)
             ... on level 3 of the Dungeon.
             The game lasted 00:02:29 (1751 turns).

slphil the Chopper (Armataur Berserker)             Turns: 1751, Time: 00:02:30

Health: 0/33       AC:  6    Str: 24    XL:     3   Next: 67%
Magic:  3/3        EV:  9    Int:  7    God:    Trog [**....]
Gold:   105        SH:  0    Dex:  9    Spells: 2/2 levels left

rFire   . . .      SeeInvis .    a - +0 hand axe
rCold   . . .      Faith    .    (no shield)
rNeg    . . .      Spirit   .    d - +0 ring mail
rPois   .          Reflect  .    (no helmet)
rElec   .          Harm     .    (no cloak)
rCorr   .          Roll     +    (no gloves)
Will    ++...                    (no barding)
Stlth   ..........               (no amulet)
HPRegen 1.25/turn                (no ring)
MPRegen 0.08/turn                (no ring)

@: lethally poisoned (0 -> -10), strong-willed, regenerating
A: large, rugged brown scales 3, deformed body, armoured tail, roll, long
tongue, awkward tongue
a: Renounce Religion, Berserk, Trog's Hand


You were on level 3 of the Dungeon.
You worshipped Trog.
Trog was pleased with you.
You visited 1 branch of the dungeon, and saw 3 of its levels.

You collected 105 gold pieces.

Inventory:

Hand Weapons
 a - a +0 hand axe (weapon)
Missiles
 f - 6 boomerangs (quivered)
Armour
 b - a +0 animal skin
 d - a +0 ring mail (worn)
Scrolls
 c - 2 scrolls of enchant weapon {unknown}
 e - a scroll of fear {unknown}
 g - a scroll of noise {unknown}
 l - 2 scrolls of identify {unknown}
Potions
 h - a potion of invisibility {unknown}
 i - a potion of magic {unknown}
 j - a potion of heal wounds {unknown}
 k - 3 potions of curing {unknown}
 m - a potion of attraction {unknown}
 n - a potion of degeneration {unknown}


   Skills:
 + Level 3.2 Fighting
 * Level 3.5 Axes
 - Level 2.4 Armour
 - Level 1.3 Dodging


You had 2 spell levels left.
You didn't know any spells.
Your spell library was empty.

Dungeon Overview and Level Annotations

Branches:
Dungeon (3/15)

Altars:


Innate Abilities, Weirdness & Mutations

You are completely covered in rugged brown scales. (AC +3, +7% HP)
Armour fits poorly on your strangely shaped body.
You have a long armoured tail.
You roll when moving toward enemies. (Rampage)
Your long tongue fully drains potion bottles. (2x potion effects)
Your tongue gives you trouble enunciating. (1.5x scroll delay)


Message History

You see here a ball python corpse.
You miss the orc.
The orc is severely wounded.
You closely miss the ball python. The orc hits you but does no damage.
The ball python bites you but does no damage.
The orc wizard attacks as you move away!
The orc wizard hits you but does no damage.
The ball python bites you. The ball python bites you.
The orc wizard barely misses you.
The orc hits you with a +2 flail of venom.
You are poisoned.
The ball python closely misses you. The orc attacks as you move away!
The orc hits you but does no damage.
You are more poisoned.
You feel less confused.
You feel very sick.
You closely miss the orc.
Your tail-slap misses the orc.
You hit the orc.
You kill the orc!
Trog accepts your kill.
You feel very sick.
The orc hits you with a +2 flail of venom.
You are lethally poisoned!
You hit the orc.
The orc is lightly wounded.
You hit the ball python. You closely miss the orc wizard.
You feel very sick.
The ball python bites you but does no damage.
The orc wizard hits you but does no damage.
The orc hits you but does no damage.
You are more poisoned.
The ball python barely misses you.
The orc hits you with a +2 flail of venom.
The orc wizard hits you but does no damage.
Your skin crawls.
You feel strong-willed.
* * * LOW HITPOINT WARNING * * *
You feel very sick. The ball python barely misses you.
The orc hits you with a +2 flail of venom.
You die...

....... .....#...
....!...#######
..............#
............#.###
..^.............#####
.......).....<.......
.......So..†.........
......<@o..?.........
.................#...
.....................
.....................
.#.#.#.#.#..###....#.
............# #.... #
#.#.#.#.#.# #.#
...... .... ..... ##.


You could see an orc wizard, an orc and a ball python.

Vanquished Creatures
  A dart slug (D:1)
  An orc (D:3)
  4 endoplasms
  6 giant cockroaches
  6 goblins
  5 hobgoblins
  2 kobolds (D:1)
  4 quokkas
  3 ball pythons
  4 bats
  5 frilled lizards (D:1)
  7 rats
48 creatures vanquished.

Notes
Turn   | Place    | Note
-------+----------+-------------------------------------------
     0 | D:1      | slphil the Armataur Berserker began the quest for the Orb.
     0 | D:1      | Reached XP level 1. HP: 19/19 MP: 1/1
   133 | D:1      | Reached XP level 2. HP: 19/26 MP: 2/2
   542 | D:1      | Found a faded altar of an unknown god.
   628 | D:1      | Reached ** piety under Trog
   636 | D:1      | Reached XP level 3. HP: 29/33 MP: 3/3
  1751 | D:3      | Slain by an orc

Illustrated notes

Levels and vault maps discovered:
D:1:      psy_arrival_wood_between_worlds, layout_basic,
          ebering_ecumenical_altar_abandoned, minmay_tall_x
D:2:      layout_basic
D:3:      layout_rooms, slow_altar_2, chequers_serial_rivers_micro_b,
          minmay_misc_feat_rows, minmay_door_square, minmay_misc_feat_chi,
          amethyst_killhole, minmay_misc_feat_pillars, chequers_garden,
          nicolae_figureground_sparkle

Skill      XL: |  1  2 |
---------------+-------+-----
Fighting       | 3 |  3.2
Axes           | 3 |  3.5
Armour         | |  2.4
Dodging        | |  1.3

Action                   || total
-------------------------++-------
Melee: Hand axe          ||   143
       Tailslap          ||    10
       Punch             ||     1
Invok: Trog's Hand       ||     1
Armor: Animal skin       ||     4
       Ring mail         ||    79
Dodge: Dodged            ||    67

Table legend: (Time is in decaauts)
 A = Elapsed time spent in this place.
 B = Non-inter-level travel time spent in this place.
 C = Inter-level travel time spent in this place.
 D = Time resting spent in this place.
 E = Time spent auto-exploring this place.
 F = Levels seen in this place.
 G = Mean time per level.
                   A        B        C        D        E       F      G
               +--------+--------+--------+--------+--------+-----+--------+
         Total |   1771 |   1723 |     48 |     75 |   1335 |   3 |  590.3 |
       Dungeon |   1771 |   1723 |     48 |     75 |   1335 |   3 |  590.3 |
               +--------+--------+--------+--------+--------+-----+--------+

Top non-repeatable levels by time:
     D:1: 1027 daAuts
     D:2: 728 daAuts
     D:3: 15 daAuts
